 Dungeon Crawl Stone Soup version 0.30.1-11-g7821555f0a (webtiles) character file.

Game seed: 11655060614838626767

2552 anacleto the Cleaver (level 9, -6/70 HPs)
             Began as a Minotaur Berserker on Dec 10, 2023.
             Was an Elder of Trog.
             Mangled by Prince Ribbit (11 damage)
             ... on level 6 of the Dungeon.
             The game lasted 00:13:43 (7395 turns).

anacleto the Cleaver (Minotaur Berserker)           Turns: 7395, Time: 00:13:44

Health: -6/70      AC: 11    Str: 25    XL:     9   Next: 31%
Magic:  8/8        EV:  7    Int:  4    God:    Trog [****..]
Gold:   405        SH:  0    Dex: 11    Spells: 8/8 levels left

rFire   . . .        a - +0 battleaxe
rCold   . . .        (shield currently unavailable)
rNeg    . . .        x - +0 plate armour
rPois   .            (helmet restricted)
rElec   .            (no cloak)
rCorr   .            (no gloves)
SInv    .            (no boots)
Will    .....        (no amulet) Stlth
                     l - +4 ring of slaying
HPRegen 0.31/turn    (no ring)
MPRegen 0.11/turn

%: no passive effects
@: about to teleport, on berserk cooldown, slowed, very slow
A: horns 2, retaliatory headbutt
a: Renounce Religion, Berserk, Trog's Hand, Brothers in Arms


You were on level 6 of the Dungeon.
You worshipped Trog.
Trog was greatly pleased with you.
You visited 1 branch of the dungeon, and saw 7 of its levels.
You also visited: Sewer.

You collected 405 gold pieces.

Inventory:

Hand Weapons
 a - a +0 battleaxe (weapon)
 b - a +0 arbalest
Armour
 x - a +0 plate armour (worn)
Jewellery
 l - a +4 ring of slaying (left hand)
Scrolls
 c - 3 scrolls of teleportation
 g - a scroll of poison {unknown}
 h - a scroll of magic mapping {unknown}
 i - a scroll of vulnerability {unknown}
 j - a scroll of torment {unknown}
 k - a scroll of fog {unknown}
 o - a scroll of noise {unknown}
 p - a scroll of enchant weapon {unknown}
 t - 2 scrolls of enchant armour {unknown}
Potions
 e - 3 potions of heal wounds {unknown}
 f - a potion of might {unknown}
 m - 4 potions of curing
 n - a potion of lignification {unknown}
 q - a potion of attraction {unknown}
 r - a potion of magic {unknown}
 u - a potion of mutation {unknown}
 v - 2 potions of haste {unknown}


   Skills:
 - Level 3.6 Fighting
 * Level 14.6 Axes
 + Level 1.9 Ranged Weapons
 + Level 3.4 Armour
 + Level 3.1 Dodging


You had 8 spell levels left.
You didn't know any spells.
Your spell library was empty.

Dungeon Overview and Level Annotations

Branches:
Dungeon (7/15)             Temple (0/1) D:4           Sewer (visited)

Altars:
Cheibriados
Dithmenos
Sif Muna
Trog
Vehumet
Wu Jian

Shops:
D:1 [=*[   D:3 =

Annotations:
D:6 Prince Ribbit


Innate Abilities, Weirdness & Mutations

You have a pair of horns on your head.
You reflexively headbutt those who attack you in melee.


Message History

The orc priest miscasts a cantrip.
Prince Ribbit hits you.
The orc priest calls down the wrath of Beogh upon you.
Beogh smites you!
Blink to where?
Press: ? - help, Dir - move target
As you read the scroll of blinking, it crumbles to dust.
Prince Ribbit blinks!
Prince Ribbit says, "You're just another fly to me."
Prince Ribbit hits you but does no damage.
There is a stone staircase leading up here.
Prince Ribbit hits you but does no damage.
Prince Ribbit hits you.
You climb upwards.
There is a stone staircase leading down here.
You slash Prince Ribbit!
Prince Ribbit is moderately wounded.
Prince Ribbit hits you!
* * * LOW HITPOINT WARNING * * *
Prince Ribbit hits you!
* * * LOW HITPOINT WARNING * * *
You're still recovering from your berserk rage.
You feel better.
Prince Ribbit blinks!
Okay, then.
You feel better.
You aren't carrying any items that you can evoke.
You feel better. Prince Ribbit hits you!
* * * LOW HITPOINT WARNING * * *
You hit Prince Ribbit. Your headbutt misses Prince Ribbit.
Prince Ribbit is moderately wounded.
Prince Ribbit hits you!
* * * LOW HITPOINT WARNING * * *
Prince Ribbit hits you!
* * * LOW HITPOINT WARNING * * *
You feel better. Prince Ribbit hits you.
* * * LOW HITPOINT WARNING * * *
Prince Ribbit completely misses you.
As you read the scroll of teleportation, it crumbles to dust.
You feel strangely unstable. Prince Ribbit hits you!
You die...

### ######### ##.##
........# #######.#.##
######..# #...##.###.## #
####..####...........# #
#............#.....[.#
###.##..##.....#@F.....####
........###...##..........#
........# ##.###.......##.#
# ###.##### #.#
#.......##.# ## ###.# #.#
#.......##.# #. #...#
##'############.######.
#.### ##...## ##.......##.
#.## ##.....##
##.#..###.### #..##
##.......## ##..#..###.#..


You could see Prince Ribbit.

Vanquished Creatures
  Pikel (D:4)
  A steam dragon (D:6)
  A water moccasin (D:6)
  Duvessa (D:4)
  An ice beast (D:5)
  An orc warrior (D:6)
  4 lemures (D:4)
  A centaur (D:7)
  A phantom (D:6)
  5 bullfrogs
  2 scorpions
  Dowan (D:4)
  4 killer bees (D:7)
  2 hounds
  A gnoll bouda (D:5)
  2 orc priests
  2 jellies (D:5)
  3 iguanas (D:5)
  Natasha (thrice) (D:4)
  4 orc wizards
  8 adders
  7 gnolls
  4 river rats (Sewer)
  2 shadow imps (D:5)
  5 worms
  17 orcs
  12 ball pythons
  8 bats
  8 endoplasms
  4 giant cockroaches
  8 goblins
  6 hobgoblins
  6 jackals (D:4)
  2 kobolds (D:1)
  4 quokkas
  2 frilled lizards
  30 rats
174 creatures vanquished.

Notes
Turn   | Place    | Note
-------+----------+-------------------------------------------
     0 | D:1      | anacleto the Minotaur Berserker began the quest for the
                  | Orb.
     0 | D:1      | Reached XP level 1. HP: 19/19 MP: 0/0
    69 | D:1      | Reached skill level 4 in Axes
    75 | D:1      | Found Hoikketa's Armour Boutique.
   212 | D:1      | Reached XP level 2. HP: 26/26 MP: 1/1
   215 | D:1      | Found Tegaudek's Antique Armour Boutique.
   270 | D:1      | Found Bimitsi's Assorted Antiques.
   387 | D:1      | Found Amolohym's Jewellery Emporium.
   684 | D:1      | Reached skill level 5 in Axes
   934 | D:2      | Reached XP level 3. HP: 28/31 MP: 2/2
  1048 | D:2      | Reached ** piety under Trog
  1623 | D:3      | Reached XP level 4. HP: 37/39 MP: 3/3
  1624 | D:3      | Reached skill level 6 in Axes
  1681 | D:3      | Found a shimmering blue altar of Sif Muna.
  1741 | D:3      | Found Poicwi's Jewellery Boutique.
  2459 | D:3      | Found a snail-covered altar of Cheibriados.
  2459 | D:3      | Found a radiant altar of Vehumet.
  2460 | D:3      | Found a shadowy altar of Dithmenos.
  2464 | D:3      | Found a bloodstained altar of Trog.
  2591 | D:4      | Noticed Natasha
  2597 | D:4      | Killed Natasha
  2598 | D:4      | Reached skill level 7 in Axes
  2598 | D:4      | Reached XP level 5. HP: 45/45 MP: 4/4
  2753 | D:4      | Noticed Natasha
  2763 | D:4      | Killed Natasha
  2836 | D:4      | Reached *** piety under Trog
  2902 | D:4      | Reached skill level 8 in Axes
  3265 | D:4      | Reached XP level 6. HP: 51/51 MP: 5/5
  3328 | D:4      | Noticed Pikel
  3429 | D:4      | Noticed Natasha
  3440 | D:4      | Killed Natasha
  3610 | D:4      | Killed Pikel
  3611 | D:4      | Reached skill level 10 in Axes
  3611 | D:4      | Reached XP level 7. HP: 55/57 MP: 6/6
  3719 | D:4      | Found a staircase to the Ecumenical Temple.
  3723 | D:4      | Noticed Duvessa
  3723 | D:4      | Noticed Dowan
  3729 | D:4      | Killed Duvessa
  3730 | D:4      | Reached skill level 11 in Axes
  3733 | D:4      | Killed Dowan
  4085 | D:5      | Entered Level 5 of the Dungeon
  4097 | D:5      | Reached XP level 8. HP: 64/64 MP: 7/7
  4315 | D:5      | Found an ornate altar of the Wu Jian Council.
  4321 | D:5      | Reached skill level 12 in Axes
  5481 | D:6      | Reached skill level 13 in Axes
  5767 | D:6      | Found a glowing drain.
  5780 | Sewer    | Entered a sewer
  6096 | Sewer    | Reached skill level 14 in Axes
  6517 | D:6      | Reached XP level 9. HP: 70/70 MP: 8/8
  6642 | D:6      | Reached **** piety under Trog
  7093 | D:6      | Reached skill level 1 in Ranged Weapons
  7362 | D:7      | Noticed Prince Ribbit
  7393 | D:6      | HP: 3/70 [Prince Ribbit (7)]
  7395 | D:6      | Mangled by Prince Ribbit

Illustrated notes

Levels and vault maps discovered:
D:1:      evilmike_arrival_crescent, layout_basic, serial_shops,
          nicolae_shop_back_alley_shop, shop, nicolae_shop_stone,
          nicolae_shop_hallway_plus
D:2:      layout_basic
D:3:      layout_basic, minitemple, led_sif_pool, serial_shops,
          nicolae_shop_waterfront, solitary_fountain, grunt_ministairs_11,
          serial_park_tiny_pond
D:4:      layout_gridville, minmay_temple_entry_poolview,
          kennysheep_decorative_pillar, chequers_serial_rivers_micro_b,
          uniq_pikel, uniq_natasha, uniq_duvessa
D:5:      layout_rooms, mainiacjoe_overflow_brackets, minmay_misc_feat_hallway
D:6:      layout_loops_corners, cheibrodos_sewer_entry_drain,
          kennysheep_generic_room_16
D:7:      layout_basic, kennysheep_generic_room_13, uniq_joseph,
          uniq_prince_ribbit1

Skill      XL: |  1  2  3  4  5  6  7  8  9 |
---------------+----------------------------+-----
Axes           | 4 5 7 8 10 11 14 | 14.6
Ranged Weapons | 1 |  1.9
Armour         | 3 |  3.4
Dodging        | 3 |  3.1
Fighting       | |  3.6

Action                     |  1- 3 |  4- 6 |  7- 9 || total
---------------------------+-------+-------+-------++-------
  Melee: Hand axe          |    85 |    26 |       ||   111
         Punch             |     2 |       |       ||     2
         Headbutt          |     7 |     9 |    20 ||    36
         War axe           |       |    43 |   101 ||   144
         Battleaxe         |       |       |    26 ||    26
   Fire: Arbalest          |       |       |     3 ||     3
 Invoke: Berserk           |     1 |     9 |    11 ||    21
    Use: Scroll            |       |     1 |     5 ||     6
         Potion            |       |       |     4 ||     4
 Armour: Animal skin       |     8 |     6 |     2 ||    16
         Steam dragon scal |       |       |    18 ||    18
         Plate armour      |       |       |    19 ||    19
  Dodge: Dodged            |    55 |    41 |    85 ||   181
